 Dungeon Crawl Stone Soup version 0.28-a0-1213-g0243856f03 (webtiles) character file.

Game seed: 3808715638039528032

226 frimble the Slasher (level 5, -2/38 HPs)
             Began as a Demonspawn Warper on Dec 22, 2021.
             Slain by Sigmund (7 damage)
             ... on level 2 of the Dungeon.
             The game lasted 00:04:27 (4713 turns).

frimble the Slasher (Demonspawn Warper)             Turns: 4713, Time: 00:04:28

Health: -2/38      AC:  4    Str: 11      XL:     5   Next: 69%
Magic:  7/8        EV: 11    Int: 14 (16) God:
Gold:   108        SH:  0    Dex: 11 (13) Spells: 3/8 levels left

rFire   . . .      SeeInvis .   f - +1 dagger (venom)
rCold   . . .      Faith    .   (no shield)
rNeg    . . .      Spirit   .   b - +0 leather armour
rPois   .          Reflect  .   m - +0 helmet
rElec   .          Harm     .   (no cloak)
rCorr   .          Rampage  .   (no gloves)
Will    .....                   (no boots)
Stlth   +.........              e - amulet of magic regeneration
HPRegen 0.12/turn               (no ring)
MPRegen 0.51/turn               (no ring)

@: on blink cooldown, flying
A: hooves 2, foul stench 2
a: no special abilities


You were on level 2 of the Dungeon.
You visited 1 branch of the dungeon, and saw 4 of its levels.

You collected 108 gold pieces.

Inventory:

Hand Weapons
 a - a +1 falchion
 f - a +1 dagger of venom (weapon)
Missiles
 d - 4 boomerangs of dispersal (quivered)
Armour
 b - a +0 leather armour (worn)
 m - a +0 helmet (worn)
Jewellery
 e - an amulet of magic regeneration (around neck)
Scrolls
 c - a scroll of blinking
 g - a scroll of teleportation {unknown}
 h - a scroll of fear {unknown}
Potions
 j - a potion of magic {unknown}
 k - a potion of brilliance {unknown}
 l - a potion of haste {unknown}


   Skills:
 - Level 2.0 Fighting
 + Level 1.1(2.6) Short Blades
 - Level 3.8(3.9) Long Blades
 - Level 0.8 Throwing
 - Level 0.8 Armour
 - Level 2.4 Dodging
 - Level 2.0 Spellcasting
 - Level 2.6 Translocations
 + Level 2.8 Ice Magic


You had 3 spell levels left.
You knew the following spells:

 Your Spells              Type           Power      Damage    Failure   Level
a - Blink                 Tloc           16%        N/A       16%         2
b - Ozocubu's Armour      Ice            9%         N/A       28%         3

Your spell library contained the following spells:

 Spells                   Type           Power      Damage    Failure   Level
 Gell's Gravitas          Tloc           8%         N/A       30%         3
 Lesser Beckoning         Tloc           8%         N/A       30%         3
 Teleport Other           Tloc           8%         N/A       30%         3
 Manifold Assault         Tloc           8%         N/A       96%         5
 Metabolic Englaciation   Hex/Ice        2%         N/A       99%         5
 Simulacrum               Ice/Necr       2%         N/A       100%        6
 Ozocubu's Refrigeration  Ice            4%         4d5       100%        7


Dungeon Overview and Level Annotations

Branches:
Dungeon (4/15)
 Temple: D:4-7

Altars:
Gozag
Nemelex Xobeh
Zin

Shops:
D:3 *

Annotations:
D:2 Sigmund
D:4 Duvessa


Innate Abilities, Weirdness & Mutations

You have hoof-like feet.
You sometimes emit foul miasma when damaged in melee.


Message History

There is an opulent altar of Gozag here.
There is a stone staircase leading up here.
You climb upwards.
Level annotation: Sigmund
There is a stone staircase leading down here.
Sigmund shouts!
Sigmund casts a spell.
Sigmund flickers and vanishes!
Deactivating autopickup; reactivate with Ctrl-A.
A kobold is nearby!
A kobold is nearby!
The kobold shouts!
A magic dart appears from out of thin air!
The magic dart hits you.
You hit the kobold but do no damage.
The kobold is poisoned.
The kobold hits you but does no damage. Something hits you.
You hit the kobold.
The kobold is severely wounded.
You kill the kobold!
No target in view!
No target in view!
No target in view!
No target in view!
Something hits you!
You barely miss something. Something hits you but does no damage.
Things that are here:
a +0 dagger; 2 stones Something hits you.
You miss something. You hit something. You kick something. Something hits you!
* * * LOW HITPOINT WARNING * * *
You hit something. Something hits you.
* * * LOW HITPOINT WARNING * * *
Okay, then.
Cast which spell? (? or * to list)
You blink.
It was a potion of flight.
You feel very buoyant.
You fly up into the air.
Something hits you!
You die...

#......# ##># #......#
#.# ######## #.#####
##########.....###
#####................#
#....................#
#....................#
###
#....................#
K.#
#........).@.........#
#@#
#........ยง{...)......#
#.#
#....................#
#.#
#..........###<..#.###
#.####..........#####.#.#
......................#.#
#.####..........#######.#
#.# #....########......#
..# ###### #.######


There were no monsters in sight!

Vanquished Creatures
  A hound (D:3)
  Jessica (D:3)
  An iguana (D:2)
  An orc wizard (D:3)
  An adder (D:3)
  3 gnolls (D:2)
  2 worms
  3 dart slugs
  5 orcs (D:3)
  3 ball pythons
  4 bats
  4 endoplasms
  2 giant cockroaches
  3 goblins
  6 hobgoblins
  5 jackals (D:1)
  4 quokkas
  3 frilled lizards
  5 kobolds
  9 rats
66 creatures vanquished.

Notes
Turn   | Place    | Note
-------+----------+-------------------------------------------
     0 | D:1      | frimble the Demonspawn Warper began the quest for the Orb.
     0 | D:1      | Reached XP level 1. HP: 16/16 MP: 3/3
    57 | D:1      | Reached skill level 2 in Long Blades
   490 | D:1      | Gained mutation: You have large cloven feet. [demonic
                  | ancestry]
   490 | D:1      | Reached XP level 2. HP: 13/22 MP: 5/5
  1598 | D:2      | Gained mutation: You have hoof-like feet. [demonic
                  | ancestry]
  1598 | D:2      | Reached XP level 3. HP: 22/27 MP: 6/6
  1601 | D:2      | Learned a level 2 spell: Blink
  1605 | D:2      | Learned a level 3 spell: Ozocubu's Armour
  1781 | D:2      | Reached skill level 3 in Long Blades
  1781 | D:2      | Reached skill level 1 in Ice Magic
  2326 | D:2      | Gained mutation: You may rarely emit foul miasma when
                  | damaged in melee. [demonic ancestry]
  2326 | D:2      | Reached XP level 4. HP: 21/33 MP: 7/7
  3037 | D:2      | Noticed Sigmund
  3477 | D:3      | Noticed Jessica
  3480 | D:3      | Killed Jessica
  3481 | D:3      | Gained mutation: You sometimes emit foul miasma when
                  | damaged in melee. [demonic ancestry]
  3481 | D:3      | Reached XP level 5. HP: 32/38 MP: 8/8
  3543 | D:3      | Found a sparkling altar of Nemelex Xobeh.
  3897 | D:3      | Found an opulent altar of Gozag.
  4130 | D:3      | Found a faded altar of an unknown god.
  4174 | D:3      | Found Zin's Purification Station.
  4580 | D:4      | Noticed Duvessa
  4593 | D:3      | Reached skill level 1 in Short Blades
  4713 | D:2      | Slain by Sigmund

Illustrated notes

Levels and vault maps discovered:
D:1:      dpeg_arrival_three_same_balls, layout_basic
D:2:      layout_basic, uniq_sigmund
D:3:      layout_loops_ring, nicolae_gozag_seed_capital, zin_purify,
          nemelex_xobeh_ov_fountains_minmay, basic_ecumenical_altar,
          uniq_jessica
D:4:      minmay_opposing_rooms, layout_layer_cave, amcnicky_altar_gilded,
          st_stairs_2, palyth_stone_intersect, minmay_shop_grid_forest,
          chequers_serial_rivers_micro_c, chequers_hall_statues_wall_a,
          uniq_duvessa

Skill      XL: |  1  2  3  4  5 |
---------------+----------------+-----
Long Blades    | 2 3 |  3.8
Dodging        | 2 |  2.4
Ice Magic      | 1 2 |  2.8
Short Blades   | 1 |  1.1
Fighting       | |  2.0
Throwing       | |  0.8
Armour         | |  0.8
Spellcasting   | |  2.0
Translocations | |  2.6

Action                   |  1- 3 |  4- 6 || total
-------------------------+-------+-------++-------
Melee: Falchion          |   105 |    52 ||   157
       Kick              |    17 |    14 ||    31
       Dagger            |       |    40 ||    40
Throw: Boomerang         |       |     1 ||     1
 Cast: Blink             |       |     1 ||     1
  Use: Scroll            |     1 |     2 ||     3
       Potion            |       |     4 ||     4
Armor: Leather armour    |    27 |    17 ||    44
Dodge: Dodged            |    71 |    55 ||   126

Table legend: (Time is in decaauts)
 A = Elapsed time spent in this place.
 B = Non-inter-level travel time spent in this place.
 C = Inter-level travel time spent in this place.
 D = Time resting spent in this place.
 E = Time spent auto-exploring this place.
 F = Levels seen in this place.
 G = Mean time per level.
                   A        B        C        D        E       F      G
               +--------+--------+--------+--------+--------+-----+--------+
         Total |   4735 |   4574 |    161 |    167 |   3779 |   4 | 1183.8 |
       Dungeon |   4735 |   4574 |    161 |    167 |   3779 |   4 | 1183.8 |
               +--------+--------+--------+--------+--------+-----+--------+

Top non-repeatable levels by time:
     D:1: 1925 daAuts
     D:2: 1468 daAuts
     D:3: 1335 daAuts
     D:4: 5 daAuts
